[Event "*** Titled Tuesday Blitz"]
[Site "Chess.com"]
[Date "2020.04.28"]
[Round "5"]
[White "Oleksandr_Bortnyk"]
[Black "BaMBoMaTTo"]
[Result "1-0"]
[WhiteElo "3002"]
[BlackElo "2628"]
[TimeControl "180+1"]
[EndTime "10:54:43 PDT"]
[Termination "Oleksandr_Bortnyk won by resignation"]

1. e4 c5 2. Be2 Nc6 3. f4 g6 4. Nf3 Bg7 5. d3 Nf6 6. O-O O-O 7. c3 d6 8. Qe1 Bg4 9. h3 Bxf3 10. Bxf3 e6 11.
Be3 Nd7 12. Nd2 b5 13. e5 d5 14. c4 Nb4 15. Qb1 bxc4 16. dxc4 d4 17. Bf2 Rb8 18. a3 Na6 19. b3 f6 20. exf6 Qxf6 21. Qe4 Nc7 22.
Rae1 Rbe8 23. Qc6 Qxf4 24. Qxd7 Rf7 25. Qc6 Qxd2 26. Bg3 e5 27. Bd5 Nxd5 28. Qxe8+ 1-0

[Event "*** Titled Tuesday Blitz"]
[Site "Chess.com"]
[Date "2020.04.28"]
[Round "5"]
[White "GMMatamoros"]
[Black "Maybe00"]
[Result "0-1"]
[WhiteElo "2526"]
[BlackElo "2770"]
[TimeControl "180+1"]
[EndTime "10:54:43 PDT"]
[Termination "Maybe00 won by resignation"]

1. Nf3 d5 2. g3 c6 3. Bg2 Bg4 4. d4 Nf6 5. c4 e6 6. O-O Nbd7 7. h3 Bh5 8. cxd5 exd5 9. Qb3 Qb6 10. Qe3+ Be7 11.
Nh4 Bg6 12. Nc3 Qd8 13. b3 O-O 14. Nxg6 hxg6 15. Bb2 Re8 16. Qd3 Nf8 17. a3 Ne6 18.
Rad1 Bf8 19. f4 a5 20. Kh1 Qb6 21. f5 gxf5 22. Rxf5 Qxb3 23. Ba1 Qxa3 24. Rxf6 gxf6 25. Qf5 Bg7 26. e4 Nxd4 27. Qf2 Nb3 28. Bb2 Qc5 29. Qf1 a4 30. exd5 a3 31. dxc6 bxc6 32. Ne4 Rxe4 33.
Bxe4 axb2 0-1

[Event "*** Titled Tuesday Blitz"]
[Site "Chess.com"]
[Date "2020.04.28"]
[Round "5"]
[White "Abdimalik_Abdisalimov"]
[Black "kuli4ik"]
[Result "0-1"]
[WhiteElo "2795"]
[BlackElo "2716"]
[TimeControl "180+1"]
[EndTime "10:54:45 PDT"]
[Termination "kuli4ik won by resignation"]

1. d4 d5 2. c4 c6 3. Nf3 Nf6 4. Nc3 dxc4 5. a4 Bf5 6. Ne5 Na6 7. f3 Nd7 8. Nxc4 e5 9. e4 exd4 10. Qxd4 Be6 11. Nd6+ Bxd6 12. Qxd6 Ndc5 13. Qg3 Qd4 14. Bxa6 bxa6 15. Ne2 Qb4+ 16. Kf1 O-O-O 17. Nc3 Bc4+ 18.
Kg1 Nb3 19. Rb1 Bd3 20. Bf4 Bxb1 21. h4 Bd3 22. Qxg7 Qd4+ 23. Qxd4 Nxd4 24. Kf2 Rhg8 25. g4 Kb7 26. Be5 Ne6 27. g5 a5 28. f4 Nc5 29.
Ke3 Bc4 30. Bd4 Ne6 31. Bf6 Rd3+ 32. Kf2 Nxf4 0-1

[Event "*** Titled Tuesday Blitz"]
[Site "Chess.com"]
[Date "2020.04.28"]
[Round "5"]
[White "mc4chess"]
[Black "Muracle"]
[Result "0-1"]
[WhiteElo "2405"]
[BlackElo "2674"]
[TimeControl "180+1"]
[EndTime "10:54:45 PDT"]
[Termination "Muracle won by resignation"]

1. e4 c5 2. Nf3 Nc6 3. Bb5 g6 4. O-O Bg7 5. c3 Nf6 6. e5 Nd5 7. d4 cxd4 8. cxd4 O-O 9. Nc3 Nxc3 10. bxc3 d6 11. exd6 Qxd6 12. h3 a6 13. Bd3 e5 14.
a4 Rd8 15. Ba3 Qc7 16. Re1 exd4 17. Nxd4 Nxd4 18. cxd4 Be6 19. Rc1 Qd7 20. Be4 Bxd4 21. Qf3 Rab8 22. Red1 Qxa4 23. Be7 Rd7 24. Rxd4 Qxd4 25.
Bf6 Qd2 26. Rc2 Qd1+ 27. Qxd1 Rxd1+ 28. Kh2 b5 29. Be5 Rc8 30. Re2 a5 31. Bb7 Rcd8 32. Bc6 b4 33. Re4 Bd5 34. Bxd5 R1xd5 35. Bf6 Ra8 0-1

[Event "*** Titled Tuesday Blitz"]
[Site "Chess.com"]
[Date "2020.04.28"]
[Round "5"]
[White "RianKapriaga"]
[Black "Ekka83"]
[Result "0-1"]
[WhiteElo "2185"]
[BlackElo "2358"]
[TimeControl "180+1"]
[EndTime "10:54:45 PDT"]
[Termination "Ekka83 won by resignation"]

1. d4 Nf6 2. Nf3 d5 3. Bf4 c5 4.
e3 Nc6 5. Nbd2 cxd4 6. exd4 Qb6 7. Nb3 Bg4 8. Be2 e6 9. O-O Be7 10. c3 O-O 11. h3 Bh5 12. Re1 a5 13. a4 Ne4 14. Nfd2 Bg6 15. Nxe4 Bxe4 16. Ra2 Bf6 17. Nd2 Bg6 18. Nb1 Nxd4 19. cxd4 Bxd4 20. Rf1 Bxb2 21. Na3 Qb4 22. Nb5 Qxf4 23. Rxb2 Rac8 24. Bd3 Bxd3 25. Qxd3 Qxa4 26. Rfb1 Qf4 27. Nd4 Rc1+ 28. Rxc1 Qxc1+ 29. Kh2 Qxb2 30. Nf3 a4 31. g3 Qxf2+ 32. Kh1 h6 33. Qd4 Qxf3+ 34. Kh2 Rc8 0-1

[Event "*** Titled Tuesday Blitz"]
[Site "Chess.com"]
[Date "2020.04.28"]
[Round "5"]
[White "Semetey"]
[Black "czasnaszachy"]
[Result "1-0"]
[WhiteElo "2550"]
[BlackElo "2309"]
[TimeControl "180+1"]
[EndTime "10:54:47 PDT"]
[Termination "Semetey won on time"]

1. Nf3 g6 2. d4 Bg7 3. e3 Nf6 4. c4 O-O 5. Nc3 d6 6. b3 Nfd7 7. Bb2 e5 8. Be2 Nc6 9. O-O f5 10. dxe5 dxe5 11. e4 f4 12. Nd5 Re8 13. b4 Nf6 14. b5 Nxd5 15. cxd5 Nb8 16. Rc1 g5 17. h3 h5 18. Nh2 h4 19. Qc2 Re7 20. Ba3 Rf7 21. Bh5 Rd7 22. Bg4 Rf7 23. Be6 Bxe6 24. dxe6 Rf6 25. e7 Qe8 26. Qxc7 Nd7 27. Rfd1 Nb6 28. Rd8 Rxd8 29. exd8=Q Qxd8 30. Qxd8+ Kh7 31. Ng4 Rg6 32. Rc7 1-0

[Event "*** Titled Tuesday Blitz"]
[Site "Chess.com"]
[Date "2020.04.28"]
[Round "5"]
[White "YQPerez"]
[Black "Meri-Arabidze"]
[Result "1-0"]
[WhiteElo "2957"]
[BlackElo "2623"]
[TimeControl "180+1"]
[EndTime "10:54:48 PDT"]
[Termination "YQPerez won on time"]

1. e4 c5 2. c3 e6 3. d4 d5 4. e5 Bd7 5. Nf3 Qb6 6. a3 Bb5 7. c4 Bxc4 8. Bxc4 dxc4 9. d5 Nd7 10.
O-O O-O-O 11. d6 f6 12. Nbd2 Nxe5 13. Nxe5 fxe5 14. Nxc4 Qa6 15. Qg4 Bxd6 16. Qxe6+ Kc7 17. Rd1 Nf6 18. Nxd6 Rxd6 19. Qe7+ Nd7 20. Be3 Qc6 21.
Bxc5 Rxd1+ 22. Rxd1 Kc8 23. Be3 1-0

[Event "*** Titled Tuesday Blitz"]
[Site "Chess.com"]
[Date "2020.04.28"]
[Round "5"]
[White "Gabix_94"]
[Black "Artem_Sadovsky"]
[Result "1-0"]
[WhiteElo "2797"]
[BlackElo "2559"]
[TimeControl "180+1"]
[EndTime "10:54:48 PDT"]
[Termination "Gabix_94 won on time"]

1. d4 g6 2. e4 Bg7 3. Nf3 d6 4.
Bc4 Nf6 5. Qe2 O-O 6. e5 dxe5 7.
dxe5 Nd5 8. h3 c6 9. O-O a5 10.
Rd1 Na6 11. Bd3 Qc7 12. a3 Nc5 13. c4 Nxd3 14. Qxd3 Bf5 15. Qe2 Nb6 16. Nc3 a4 17. Be3 Rfd8 18. Nd4 Bc8 19. f4 e6 20. Ne4 Nd7 21.
Rd2 Nxe5 22. fxe5 Qxe5 23. Nf3 Rxd2 24. Qxd2 Qxb2 25. Qd8+ Bf8 26. Nf6+ Kg7 27. Bd4 Bc5 28. Bxc5 Qxa1+ 29. Kh2 Bd7 30. Bf8+ Kh8 31. Qxa8 Qxf6 32.
Bh6+ 1-0

[Event "*** Titled Tuesday Blitz"]
[Site "Chess.com"]
[Date "2020.04.28"]
[Round "5"]
[White "zivicd"]
[Black "Andrei_Belozerov"]
[Result "0-1"]
[WhiteElo "2226"]
[BlackElo "2585"]
[TimeControl "180+1"]
[EndTime "10:54:48 PDT"]
[Termination "Andrei_Belozerov won by resignation"]

1. e4 c5 2. Nc3 Nc6 3. g3 g6 4. Bg2 Bg7 5. d3 d6 6. Be3 Nf6 7. h3 O-O 8. Qd2 Rb8 9. Bh6 b5 10. Bxg7 Kxg7 11. a3 a5 12. f4 b4 13. axb4 axb4 14.
Nd1 Nd4 15. Nf3 Qb6 16. O-O Bb7 17. Ne3 Nxf3+ 18. Bxf3 c4 19. Kh2 cxd3 20. cxd3 Rfc8 21. g4 Qd4 22. Rfd1 b3 23. g5 Nd7 24. Rdc1 Nc5 25.
Qc3 Qxc3 26. Rxc3 Ra8 27. Rxa8 Rxa8 28. Kg3 Ra2 29. Nc4 Ba6 30. e5 Bxc4 31. Rxc4 Rxb2 32.
exd6 exd6 33. d4 Ne6 34. Rb4 Rd2 35. Rxb3 Nxd4 36. Re3 Nf5+ 0-1

[Event "*** Titled Tuesday Blitz"]
[Site "Chess.com"]
[Date "2020.04.28"]
[Round "5"]
[White "Batsai"]
[Black "AttilaTurzo"]
[Result "0-1"]
[WhiteElo "2247"]
[BlackElo "2486"]
[TimeControl "180+1"]
[EndTime "10:54:49 PDT"]
[Termination "AttilaTurzo won by resignation"]

1. e4 c5 2. Nf3 Nc6 3. d4 cxd4 4.
Nxd4 Nf6 5. Nc3 d6 6. Bg5 e6 7. Qd2 a6 8. O-O-O Bd7 9. f4 b5 10. Nxc6 Bxc6 11. Bd3 Be7 12. Qe2 b4 13. Nb1 Qa5 14. a3 bxa3 15. Nxa3 O-O 16. Qe1 Qc7 17. Qh4 h6 18. Bxh6 gxh6 19. Qxh6 Nxe4 20. Rde1 d5 21. Re3 Bg5 22. fxg5 Qf4 23. Re1 d4 24. Bxe4 dxe3 25. g3 Qxe4 26. Rf1 e2 27. Re1 Qe3+ 28. Kb1 Be4 29. Ka2 Qd2 30. Nc4 Qxe1 31. g6 Bxg6 32.
Ne5 Qa5+ 33. Kb3 Qxe5 0-1

[Event "*** Titled Tuesday Blitz"]
[Site "Chess.com"]
[Date "2020.04.28"]
[Round "5"]
[White "NZT72"]
[Black "semchik73"]
[Result "1-0"]
[WhiteElo "2400"]
[BlackElo "2224"]
[TimeControl "180+1"]
[EndTime "10:54:50 PDT"]
[Termination "NZT72 won by resignation"]

1. c4 e5 2. g3 Nf6 3. Bg2 d5 4. cxd5 Nxd5 5. Nf3 Nc6 6. O-O Be7 7. d4 e4 8. Ne5 Nxe5 9. dxe5 Bf5 10. Bxe4 Be6 11. Bg2 O-O 12. Nd2 c5 13. a3 Qc7 14. Nf3 Rfd8 15. Qc2 Rac8 16. Bg5 h6 17. Bxe7 Nxe7 18. Rfd1 Ng6 19. Qc3 Qb6 20. h3 Bb3 21. Rxd8+ Rxd8 22. Rc1 c4 23. Nd2 Nxe5 24. Nxb3 f6 25. Nd2 Rd4 26. Nf3 Nxf3+ 27. Bxf3 Qd6 28. e3 Rd3 29. Qxc4+ Kh8 30. Qc8+ Qd8 31. Qxd8+ Rxd8 32. Bxb7 Rb8 33. Rc8+ Rxc8 34. Bxc8 1-0

[Event "*** Titled Tuesday Blitz"]
[Site "Chess.com"]
[Date "2020.04.28"]
[Round "5"]
[White "hblanco"]
[Black "FMalexhdez"]
[Result "1-0"]
[WhiteElo "2482"]
[BlackElo "2117"]
[TimeControl "180+1"]
[EndTime "10:54:50 PDT"]
[Termination "hblanco won by resignation"]

1. d4 Nf6 2. c4 e6 3. Nf3 b6 4. g3 Bb7 5. Bg2 c5 6. d5 exd5 7. Nh4 g6 8. Nc3 Bg7 9. Bg5 h6 10. Bxf6 Bxf6 11. Bxd5 Nc6 12. Ng2 O-O 13. O-O Rb8 14. Qd2 Bg7 15. e3 Ne5 16. f4 Ng4 17.
Rad1 Bxd5 18. Nxd5 b5 19. cxb5 Rxb5 20. b3 Re8 21. h3 Nf6 22. Nxf6+ Bxf6 23. Qxd7 Ra5 24. Qxd8 Rxd8 25. Rxd8+ Bxd8 26. Rf2 f5 27. Rc2 Bb6 28. Kf2 Ra3 29. Ke2 a5 30. Kd3 a4 31. Kc4 axb3 32.
axb3 Ra1 33. Kb5 Ba7 34. Rd2 Kf7 35. Nh4 1-0

[Event "*** Titled Tuesday Blitz"]
[Site "Chess.com"]
[Date "2020.04.28"]
[Round "5"]
[White "JLRHei"]
[Black "Unknown_IM"]
[Result "0-1"]
[WhiteElo "2291"]
[BlackElo "2510"]
[TimeControl "180+1"]
[EndTime "10:54:51 PDT"]
[Termination "Unknown_IM won on time"]

1. d4 d5 2. c4 c6 3. Nf3 Nf6 4. g3 g6 5. Bg2 Bg7 6. O-O O-O 7.
cxd5 cxd5 8. Nc3 Nc6 9. Ne5 Bf5 10. e3 Rc8 11. g4 Be6 12. Nxc6 Rxc6 13. h3 h6 14. Bd2 Qd7 15. Qf3 h5 16. g5 Nh7 17.
Nxd5 Nxg5 18. Qg3 Nxh3+ 19. Bxh3 Bxh3 20. Rfc1 Bf5 21. Rxc6 bxc6 22. Nc3 c5 23. d5 e6 24. e4 Bxc3 25. Bxc3 Bxe4 26. Qe5 f6 27. Qxe4 exd5 28. Qxg6+ Qg7 29. Qxg7+ Kxg7 30. Re1 d4 31. Re7+ Kg6 32. Bd2 Rb8 33. b3 a6 34. Rc7 Re8 35. Rxc5 Re2 36. Ba5 Rxa2 37. b4 d3 38. Rd5 d2 39.
Kg2 Kf7 40. Kf3 Ke6 41. Rd3 Ra3 0-1

[Event "*** Titled Tuesday Blitz"]
[Site "Chess.com"]
[Date "2020.04.28"]
[Round "5"]
[White "SlavenPastar"]
[Black "Tall-guy"]
[Result "1-0"]
[WhiteElo "2379"]
[BlackElo "2115"]
[TimeControl "180+1"]
[EndTime "10:54:51 PDT"]
[Termination "SlavenPastar won on time"]

1. d4 d5 2. c4 c6 3. Nf3 Nf6 4. g3 g6 5. Nc3 Bg7 6. cxd5 cxd5 7. Bg2 O-O 8. O-O Nc6 9. Ne5 e6 10. Bg5 Qb6 11. Nxc6 bxc6 12. Qd2 Rb8 13. b3 c5 14. Na4 Qb4 15. Nxc5 Qxd2 16. Bxd2 Nd7 17. Nxd7 Bxd7 18. e3 Rfc8 19. Rfc1 Bf8 20. Rxc8 Rxc8 21. Rc1 Rxc1+ 22. Bxc1 Bb5 23. Bf1 Bc6 24. Bd2 Bd6 25.
Bd3 Kf8 26. Kf1 Ke7 27. Ke2 f6 28. b4 e5 29. b5 Bb7 30. Kd1 e4 31. Be2 h5 32. h4 Ke6 33. a4 Kd7 34. Kc2 Kc7 35. Kb3 Kb6 36. a5+ Kc7 37. a6 Ba8 38. Ba5+ Kd7 39. Bb4 Bc7 40. Bc5 Bb6 41. Bxb6 axb6 42. g4 hxg4 43. Bxg4+ Kd6 44. Bc8 Kc7 45. Be6 Kd6 46. Bf7 Ke7 47. Bxg6 Kf8 48. h5 Kg7 49. Bf5 Kf8 50. Bc8 f5 51. Bb7 1-0

[Event "*** Titled Tuesday Blitz"]
[Site "Chess.com"]
[Date "2020.04.28"]
[Round "5"]
[White "Lunow"]
[Black "realmadridtv"]
[Result "1-0"]
[WhiteElo "2207"]
[BlackElo "2291"]
[TimeControl "180+1"]
[EndTime "10:54:53 PDT"]
[Termination "Lunow won by checkmate"]

1. c4 Nf6 2. g3 e6 3. Bg2 d5 4.
Nf3 Be7 5. O-O O-O 6. b3 b6 7. Bb2 Bb7 8. Ne5 Nbd7 9. d4 c5 10. Nc3 cxd4 11. Qxd4 Bc5 12. Qf4 Nh5 13. Qf3 Nhf6 14.
Nxd7 Qxd7 15. Rad1 Rad8 16. cxd5 exd5 17. e3 Ba8 18. Qf4 Bd6 19. Qh4 Be5 20. f4 Bc7 21. e4 d4 22. e5 Bxg2 23. exf6 Bxf1 24. Qg5 g6 25. Qh6 Qh3 26. Qg7# 1-0

[Event "*** Titled Tuesday Blitz"]
[Site "Chess.com"]
[Date "2020.04.28"]
[Round "5"]
[White "Ghost_Pepper"]
[Black "AthanasiusLefebvre"]
[Result "1-0"]
[WhiteElo "2272"]
[BlackElo "1987"]
[TimeControl "180+1"]
[EndTime "10:54:53 PDT"]
[Termination "Ghost_Pepper won on time"]

1. e4 c5 2. Nf3 e6 3. g3 Nc6 4. Bg2 d6 5. O-O g6 6. d4 cxd4 7. Nxd4 Bg7 8. Be3 a6 9. c4 Nge7 10. Nc3 O-O 11. Rc1 Ne5 12. b3 h5 13.
h3 Qc7 14. f4 N5c6 15. Nxc6 bxc6 16. Na4 Rb8 17. Qe2 c5 18. Nc3 Nc6 19. f5 Nd4 20. Bxd4 cxd4 21. Nb1 exf5 22. exf5 Bxf5 23. Rxf5 gxf5 24. Qxh5 Qc5 25. Nd2 d3+ 26. Kh2 Qe3 27. Nf3 Qh6 28. Qxf5 d2 29. Rd1 Rfe8 30. Rxd2 Re3 31.
Ng5 Qg6 32. Qxg6 fxg6 33. Rxd6 Rxg3 34. Bd5+ Kf8 35. Nh7+ 1-0

[Event "*** Titled Tuesday Blitz"]
[Site "Chess.com"]
[Date "2020.04.28"]
[Round "5"]
[White "Gennady_Kozlov"]
[Black "The_Machine04"]
[Result "1-0"]
[WhiteElo "2569"]
[BlackElo "2283"]
[TimeControl "180+1"]
[EndTime "10:54:54 PDT"]
[Termination "Gennady_Kozlov won by resignation"]

1. b3 Nf6 2. Bb2 d6 3. e3 Nbd7 4. f4 e5 5. Nf3 exf4 6. exf4 Be7 7. Bd3 b6 8. O-O Bb7 9. b4 c5 10. bxc5 bxc5 11. Nc3 O-O 12. Rb1 Bc6 13. Ng5 h6 14.
Nge4 Nxe4 15. Nxe4 Nf6 16. Qf3 d5 17. Nxf6+ Bxf6 18. Bxf6 Qxf6 19. Qe3 d4 20. Qe5 Qxe5 21. fxe5 Rae8 22.
Rbe1 Bd5 23. a3 Re7 24. c4 Bc6 25. Rf2 Rfe8 26. Rfe2 Bd7 27. h3 Be6 28. Rb1 g6 29. Rb5 Rc7 30. Re1 Kg7 31. Ra5 Bd7 32. Kf2 Rb8 33.
Be4 Rb2 34. Ke2 Be6 35. Bd5 Bxd5 36. cxd5 c4 37. d6 Rd7 38. Rd5 d3+ 39. Ke3 Ra2 40. Rc1 Rc2 41. Rb1 Ra2 42. Rb4 Rc2 43. Rc5 f6 44. Rc7 fxe5 45. Rxd7+ Kf6 46. Rc7 c3 47.
Rxc3 Rxc3 48. dxc3 d2 49. Kxd2 Ke6 50. Ra4 Kxd6 51.
Ra6+ 1-0

[Event "*** Titled Tuesday Blitz"]
[Site "Chess.com"]
[Date "2020.04.28"]
[Round "5"]
[White "PavelChernomordik"]
[Black "Pavalamalli"]
[Result "1-0"]
[WhiteElo "2408"]
[BlackElo "2225"]
[TimeControl "180+1"]
[EndTime "10:54:54 PDT"]
[Termination "PavelChernomordik won by resignation"]

1. e4 c5 2. Nc3 e6 3. f4 Nc6 4.
Nf3 Nf6 5. Bb5 Qc7 6. O-O Be7 7. e5 Nh5 8. d3 g6 9. g4 Ng7 10. Ne4 a6 11. Bxc6 Qxc6 12. Nf6+ Kd8 13. d4 Bxf6 14. exf6 Ne8 15. Ne5 Qd5 16. Nxf7+ Kc7 17. Nxh8 Nxf6 18. Be3 b5 19. dxc5 Qe4 20. Qd6+ Kd8 21.
Qd4 Ke7 22. g5 Qxd4 23. Bxd4 Nd5 24. Rf3 Bb7 25. Rh3 Nxf4 26. Rxh7+ Kf8 27. Rf1 Kg8 28. Rg7+ Kxh8 29. Rxf4 1-0

[Event "*** Titled Tuesday Blitz"]
[Site "Chess.com"]
[Date "2020.04.28"]
[Round "5"]
[White "ALeks_Ivlev"]
[Black "Kostya26"]
[Result "1-0"]
[WhiteElo "2582"]
[BlackElo "2406"]
[TimeControl "180+1"]
[EndTime "10:54:55 PDT"]
[Termination "ALeks_Ivlev won on time"]

1. d4 d5 2. c4 e6 3. Nf3 Nf6 4. g3 c6 5. Nbd2 Be7 6. Bg2 O-O 7. O-O Nbd7 8. Qc2 b6 9. e4 dxe4 10. Nxe4 Bb7 11. Rd1 Nxe4 12. Qxe4 Nf6 13. Qe2 Qc7 14.
Bf4 Bd6 15. Bxd6 Qxd6 16. Ne5 Rfd8 17. Rac1 Nd7 18. c5 bxc5 19. Nxd7 Qxd7 20. dxc5 Qc7 21. b4 a5 22. a3 axb4 23. axb4 Rxd1+ 24. Rxd1 Rd8 25. Rxd8+ Qxd8 26. b5 Qd7 27. Qf3 Qd4 28. h4 Qxc5 29. bxc6 Bc8 30. Qd3 Qe7 31. Qb5 Kf8 32.
Qb8 Qe8 33. c7 Ke7 34. Bc6 1-0

[Event "*** Titled Tuesday Blitz"]
[Site "Chess.com"]
[Date "2020.04.28"]
[Round "5"]
[White "xamax2000"]
[Black "IMTominho"]
[Result "0-1"]
[WhiteElo "2716"]
[BlackElo "2819"]
[TimeControl "180+1"]
[EndTime "10:54:56 PDT"]
[Termination "IMTominho won by resignation"]

1. e4 e5 2. Nf3 Nf6 3. Nxe5 d6 4. Nf3 Nxe4 5. d4 Be7 6. Bd3 Nf6 7. h3 O-O 8. O-O Nbd7 9. c4 Re8 10. Nc3 b6 11. d5 Bb7 12. Nd4 Ne5 13. Be2 c5 14.
dxc6 Nxc6 15. Bf3 Qd7 16. Bg5 h6 17. Bh4 Rad8 18. Nxc6 Bxc6 19. Bxc6 Qxc6 20. Qb3 Rc8 21. Bxf6 Bxf6 22. Nd5 Bd4 23. Rac1 Re5 24. Qd3 Bxb2 25. Rcd1 Qxc4 26. Qf3 Rce8 27. Rd2 Bd4 28. Nf4 Qxf1+ 0-1

[Event "*** Titled Tuesday Blitz"]
[Site "Chess.com"]
[Date "2020.04.28"]
[Round "5"]
[White "frankshar"]
[Black "TigrVShlyape"]
[Result "0-1"]
[WhiteElo "2288"]
[BlackElo "2828"]
[TimeControl "180+1"]
[EndTime "10:54:57 PDT"]
[Termination "TigrVShlyape won on time"]

1. d4 g6 2. e4 Bg7 3. Nc3 b6 4. f4 Bb7 5. Nf3 e6 6. Be2 f5 7. e5 Ne7 8. O-O h6 9. Qe1 Nbc6 10.
Be3 d5 11. exd6 Qxd6 12. Rd1 a6 13. Ne5 Nb4 14. Rd2 Nbd5 15. Nxd5 Bxd5 16. Qg3 Bxe5 17. fxe5 Qc6 18. c4 Be4 19. d5 exd5 20. Rc1 d4 21.
Rxd4 Qe6 22. Rcd1 Bc6 23. Qh4 Kf7 24. b3 a5 25. Rd6 cxd6 26. Rxd6 Qxe5 27. Bf4 Qa1+ 28.
Kf2 Rae8 0-1

[Event "*** Titled Tuesday Blitz"]
[Site "Chess.com"]
[Date "2020.04.28"]
[Round "5"]
[White "NeverEverForever1990"]
[Black "MarcoCorvi"]
[Result "1-0"]
[WhiteElo "2474"]
[BlackElo "2197"]
[TimeControl "180+1"]
[EndTime "10:54:57 PDT"]
[Termination "NeverEverForever1990 won on time"]

1. e4 c5 2. Nf3 g6 3. Nc3 Bg7 4. d4 cxd4 5. Nxd4 Nc6 6. Nxc6 bxc6 7. Be2 Nf6 8. e5 Nd5 9. Nxd5 cxd5 10. Qxd5 Rb8 11. O-O Bb7 12. Qd4 O-O 13. Qxa7 Bxe5 14.
Bh6 Qc7 15. g3 Qc6 16. f3 Rfc8 17. c3 Bd6 18. Qf2 Ba8 19. Rfb1 Bc5 20. Be3 Bd6 21. a4 f5 22. a5 f4 23. Bxf4 e5 24. Be3 e4 25. f4 g5 26. a6 gxf4 27. gxf4 Kf7 28.
a7 Rg8+ 29. Kh1 Rbf8 30. Ra6 Qc5 31. Bxc5 Bxc5 32. Bc4+ Ke8 33. Qxc5 e3+ 34. Bd5 Bxd5+ 35. Qxd5 1-0

[Event "*** Titled Tuesday Blitz"]
[Site "Chess.com"]
[Date "2020.04.28"]
[Round "5"]
[White "Dobuchak"]
[Black "tomozupan"]
[Result "0-1"]
[WhiteElo "2345"]
[BlackElo "2221"]
[TimeControl "180+1"]
[EndTime "10:54:57 PDT"]
[Termination "tomozupan won by checkmate"]

1. e4 e5 2. Nf3 Nc6 3. Nc3 Nf6 4. Be2 Bc5 5. Nxe5 Nxe5 6. d4 Bd6 7. dxe5 Bxe5 8.
Nb5 c6 9. f4 Bb8 10. Nd6+ Bxd6 11. Qxd6 Nxe4 12. Qe5+ Qe7 13. Qxg7 Rf8 14. Be3 d5 15.
O-O-O Be6 16. Rhf1 O-O-O 17. f5 Bd7 18. Bxa7 Rg8 19.
Qxh7 Qg5+ 20. Kb1 Nd2+ 21. Rxd2 Qxd2 22. Bf3 Rde8 23. a3 Rh8 24. Qxf7 Rhf8 25. Qg7 Bxf5 26.
Bb6 Bxc2+ 27. Ka2 Kb8 28. Qc7+ Ka8 29. Bc5 Bd3 30. Qb6 Bc4+ 31. Ka1 Re1+ 32. Bd1 Rxd1+ 33.
Rxd1 Qxd1# 0-1

[Event "*** Titled Tuesday Blitz"]
[Site "Chess.com"]
[Date "2020.04.28"]
[Round "5"]
[White "Dynamikus"]
[Black "wonderfultime"]
[Result "0-1"]
[WhiteElo "2764"]
[BlackElo "2945"]
[TimeControl "180+1"]
[EndTime "10:54:59 PDT"]
[Termination "wonderfultime won by resignation"]

1. e4 c5 2. Nf3 Nf6 3. Nc3 d5 4. exd5 Nxd5 5. Bb5+ Bd7 6. Ne5 Nf6 7. Nxd7 Nbxd7 8. O-O a6 9. Be2 e6 10. Bf3 Qc7 11. d4 cxd4 12. Qxd4 Bd6 13. g3 O-O 14. Ne4 Be5 15. Qd3 Rfd8 16. Nxf6+ Nxf6 17. Qe2 Rac8 18. c3 Nd5 19. Bg5 Bf6 20. Bxd5 Bxg5 21. Be4 Rd2 22. Qh5 h6 23. Rab1 Qb6 24. Qf3 Rxb2 25. Bxb7 Rc7 26.
Be4 g6 27. h4 Bd2 28. h5 Rxc3 29. Qf6 Rxg3+ 30. Kh2 Bc3 31. Qd8+ Qxd8 0-1

[Event "*** Titled Tuesday Blitz"]
[Site "Chess.com"]
[Date "2020.04.28"]
[Round "5"]
[White "mikolka1985"]
[Black "MRBigtimer"]
[Result "1-0"]
[WhiteElo "2588"]
[BlackElo "2312"]
[TimeControl "180+1"]
[EndTime "10:54:59 PDT"]
[Termination "mikolka1985 won by resignation"]

1. d4 Nf6 2. c4 c5 3. d5 b5 4. cxb5 a6 5. bxa6 Bxa6 6. Nc3 g6 7. g3 d6 8. Bg2 Bg7 9. Nf3 Nfd7 10. O-O Qa5 11.
Qc2 Nb6 12. Nd2 O-O 13. h3 Nc4 14. Nxc4 Bxc4 15. Bd2 Qa6 16. Rfe1 Qb7 17. b3 Ba6 18. Rab1 Nd7 19. Ne4 Rfc8 20. a4 Nf6 21. Nc3 Rab8 22.
e4 Nd7 23. f4 Bd4+ 24. Kh2 Qc7 25. Na2 Qb7 26. Bc3 Bxc3 27. Qxc3 Qb6 28. e5 Nf8 29. e6 f6 30. Qe3 Qa5 31. Rb2 Rb7 32. Reb1 Rcb8 33. f5 c4 34. b4 Qxa4 35. Nc3 Qd7 36. exd7 1-0

[Event "*** Titled Tuesday Blitz"]
[Site "Chess.com"]
[Date "2020.04.28"]
[Round "5"]
[White "BillCoe"]
[Black "ViktoriyaTarasova"]
[Result "0-1"]
[WhiteElo "2060"]
[BlackElo "2284"]
[TimeControl "180+1"]
[EndTime "10:54:59 PDT"]
[Termination "ViktoriyaTarasova won on time"]

1. e4 c5 2. Nf3 d6 3. d4 cxd4 4. Nxd4 Nf6 5. Nc3 a6 6. h3 e5 7. Nde2 h5 8. g3 b5 9. Bg2 Bb7 10.
O-O Nbd7 11. f4 h4 12. fxe5 dxe5 13. g4 Bc5+ 14. Kh2 b4 15. Nd5 Bxd5 16. exd5 e4 17. c4 bxc3 18. Nxc3 e3 19. Re1 Qc7+ 20. Kh1 Qg3 21.
Ne2 Qe5 22. Bxe3 Bxe3 23. Nc3 O-O 24. Qf3 Rfe8 25. Nd1 Nc5 26. Rxe3 Nce4 27. Kg1 Qd4 28. Nf2 Ng3 29. Rxe8+ Rxe8 30. Rd1 Qxb2 31. d6 Ne2+ 32. Kh2 Qe5+ 33. Kh1 Ng3+ 34. Kg1 Rd8 35. d7 Rxd7 36. Qa8+ Kh7 37. Rxd7 Nxd7 38. Qf3 Qe1+ 39. Kh2 Ne5 40. g5 Nxf3+ 0-1

[Event "*** Titled Tuesday Blitz"]
[Site "Chess.com"]
[Date "2020.04.28"]
[Round "5"]
[White "WeAintSurePal"]
[Black "davidkalashian"]
[Result "0-1"]
[WhiteElo "2389"]
[BlackElo "2557"]
[TimeControl "180+1"]
[EndTime "10:55:00 PDT"]
[Termination "davidkalashian won by resignation"]

1. d4 Nf6 2. Nf3 e6 3. Bg5 h6 4.
Bh4 g5 5. Bg3 Ne4 6. Nbd2 Nxg3 7. hxg3 Bg7 8. e3 d6 9. Bd3 Nc6 10. c3 Bd7 11. a4 Qe7 12. a5 a6 13. Qb3 Nd8 14. g4 Rc8 15. Qa3 e5 16. dxe5 dxe5 17. Qxe7+ Kxe7 18. Bf5 Bxf5 19. gxf5 g4 20. Ng1 Kf6 21. Ne2 Kxf5 22. Ng3+ Kg6 23. e4 Bf6 24. Nc4 Ne6 25. Ne3 Bg5 26. Nd5 c6 27. Ne3 Rcd8 28.
Ngf5 h5 29. g3 Nc5 30. Rd1 Nxe4 31. Ke2 Bxe3 32. Nxe3 f5 33. Nc4 Rxd1 34. Rxd1 Kf6 35. Rd7 f4 36. Rxb7 fxg3 37. fxg3 Nxg3+ 38. Kf2 Nf5 39. Rb6 h4 40. Rxc6+ Kg5 41. Nxe5 g3+ 42.
Kf3 Rf8 43. Rg6+ Kh5 44. Kg2 Ne3+ 45. Kh3 Rf2 46. Rxg3 hxg3 47. Kxg3 Rxb2 48. Kf4 Nd5+ 0-1

[Event "*** Titled Tuesday Blitz"]
[Site "Chess.com"]
[Date "2020.04.28"]
[Round "5"]
[White "Cocaino74"]
[Black "pooh2012"]
[Result "1-0"]
[WhiteElo "2351"]
[BlackElo "2504"]
[TimeControl "180+1"]
[EndTime "10:55:00 PDT"]
[Termination "Cocaino74 won by resignation"]

1. e4 d6 2. d4 Nd7 3. c4 c6 4. Nc3 e5 5. Nf3 Ngf6 6. Be2 Be7 7. h3 O-O 8. O-O Re8 9. Be3 Qc7 10. Qc2 a5 11. Rfd1 Nf8 12. c5 dxc5 13. dxc5 Ne6 14. Na4 Nh5 15. Nb6 Rb8 16. Nxe5 Qxe5 17. Nc4 Qf6 18. e5 Qg6 19. Bd3 f5 20. Bxf5 Qf7 21.
Bxh7+ Kh8 22. Bg6 Kg8 23. Bxf7+ Kxf7 24. Qf5+ 1-0

[Event "*** Titled Tuesday Blitz"]
[Site "Chess.com"]
[Date "2020.04.28"]
[Round "5"]
[White "RubensCezila"]
[Black "Efremov_Vlad"]
[Result "1/2-1/2"]
[WhiteElo "2463"]
[BlackElo "2158"]
[TimeControl "180+1"]
[EndTime "10:55:00 PDT"]
[Termination "Game drawn by repetition"]

1. c4 e6 2. g3 d5 3. cxd5 exd5 4. Bg2 Nf6 5. Nf3 c6 6. O-O Be7 7.
b3 O-O 8. Bb2 Bf5 9. d3 Nbd7 10.
Nbd2 Rc8 11. Qe1 Bg6 12. Nh4 Re8 13. Ndf3 b5 14. Nd4 a6 15. Ndf5 Bf8 16. Qd2 c5 17. e3 Ne5 18. f4 Nc6 19. Rac1 Qd7 20. Bh3 Qd8 21. g4 Bxf5 22. Nxf5 g6 23. g5 Nh5 24. Nh6+ Bxh6 25. gxh6 Qe7 26. Bxc8 Rxc8 27. Rce1 Qh4 28. Qc3 Qg4+ 29. Kh1 d4 30. Qxc5 Ng3+ 31. hxg3 Qh3+ 32. Kg1 Qxg3+ 33. Kh1 Qh3+ 34. Kg1 Qg3+ 35. Kh1 Qh3+ 36. Kg1 Qg3+ 1/2-1/2